 Dungeon Crawl Stone Soup version 0.29.1-1-gd02db69 (webtiles) character file.

Game seed: 6160616208947361044

48818 Jonnyslop the Fighter (level 14, -3/132 HPs)
             Began as a Minotaur Fighter on Oct 13, 2022.
             Was a High Priest of Qazlal.
             Slain by a dream sheep (5 damage)
             ... led by a torpor snail
             ... on level 5 of the Lair of Beasts on Oct 17, 2022.
             The game lasted 00:49:36 (17763 turns).

Jonnyslop the Fighter (Minotaur Fighter)           Turns: 17763, Time: 00:49:37

Health: -3/132     AC: 25    Str: 26    XL:     14   Next: 13%
Magic:  19/19      EV: 11    Int:  5    God:    Qazlal [*****.]
Gold:   1306       SH: 16    Dex:  6    Spells: 13/13 levels left

rFire   + . .      SeeInvis +   a - +1 long sword (vorpal)
rCold   + . .      Faith    .   A - +0 kite shield
rNeg    + . .      Spirit   .   i - +3 chain mail
rPois   .          Reflect  .   (helmet restricted)
rElec   .          Harm     .   f - scarf {rC+ rF+}
rCorr   +          Rampage  .   P - +1 pair of gloves of Lapuuq {rN+ rCorr Dex-4}
Will    +....                   t - +2 pair of boots {Fly}
Stlth   ..........              v - amulet of regeneration
HPRegen 1.12/turn               r - +4 ring of evasion
MPRegen 0.16/turn               n - ring of see invisible

@: protected from physical damage, flying, slowed, repel missiles, very slow
A: horns 2, retaliatory headbutt
a: Renounce Religion, Upheaval, Elemental Force, Disaster Area


You were on level 5 of the Lair of Beasts.
You worshipped Qazlal.
Qazlal was extremely pleased with you.
You visited 4 branches of the dungeon, and saw 21 of its levels.
You also visited: Ice Cave.

You collected 1306 gold pieces.

Inventory:

Hand Weapons
 a - a +1 vorpal long sword (weapon)
Missiles
 j - 43 poisoned darts
 q - 5 javelins
 w - 9 atropa-tipped darts (quivered)
 y - 5 throwing nets
 B - 5 curare-tipped darts
Armour
 f - a scarf of resistance (worn)
 i - a +3 chain mail (worn)
 t - a +2 pair of boots of flying (worn)
 A - a +0 kite shield (worn)
 I - a +0 tower shield
 P - the +1 pair of gloves of Lapuuq (worn) {rN+ rCorr Dex-4}
   (You found it on level 2 of the Lair of Beasts)

   Dex:       It affects your dexterity (-4).
   rN:        It protects you from negative energy.
   rCorr:     It protects you from acid and corrosion.
Jewellery
 l - a ring of willpower
 m - a ring of flight
 n - a ring of see invisible (right hand)
 r - a +4 ring of evasion (left hand)
 v - an amulet of regeneration (around neck)
 C - a ring of resist corrosion
 D - the ring "Dumit" {Ice MP+9 Str+4}
   (You found it on level 10 of the Dungeon)

   [ring of ice]

   It enhances your ice magic.
   Str:       It affects your strength (+4).
   rF:        It makes you vulnerable to fire.
   rC:        It protects you from cold.
   MP:        It affects your magic capacity (+9).
 F - an amulet of faith
 N - a +4 ring of evasion
Wands
 o - a wand of digging (9)
 p - a wand of charming (25)
 E - a wand of flame (30)
 K - a wand of mindburst (3)
Scrolls
 h - 4 scrolls of teleportation
 u - 4 scrolls of butterflies
 x - 2 scrolls of enchant weapon
 z - 10 scrolls of identify
 G - 2 scrolls of silence
 H - a scroll of enchant armour
 M - a scroll of poison
 O - a scroll of brand weapon
Potions
 b - a potion of mutation
 c - a potion of lignification {unknown}
 d - a potion of invisibility
 e - 7 potions of curing
 g - 4 potions of magic
 k - 5 potions of flight
 s - 2 potions of ambrosia
 J - 2 potions of brilliance
 L - a potion of haste


   Skills:
 + Level 14.1 Fighting
 + Level 13.8 Long Blades
 + Level 10.5 Throwing
 + Level 13.4 Armour
 + Level 10.0 Shields
 + Level 9.2 Invocations


You had 13 spell levels left.
You didn't know any spells.
Your spell library contained the following spells:

 Spells                   Type           Power      Damage    Failure   Level
 Poisonous Vapours        Pois/Air       0%         N/A       100%        2
 Static Discharge         Conj/Air       0%         3-3/arc   100%        2
 Stone Arrow              Conj/Erth      0%         3d7       100%        3
 Tukima's Dance           Hex            0%         N/A       100%        3
 Animate Armour           Summ/Erth      0%         N/A       100%        4
 Corpse Rot               Necr/Pois/Air  0%         N/A       100%        4
 Leda's Liquefaction      Hex/Erth       0%         N/A       100%        4
 Passage of Golubria      Tloc           0%         N/A       100%        4
 Freezing Cloud           Conj/Ice/Air   0%         6-21      100%        5
 Lee's Rapid Deconstruct  Erth           0%         3d5*      100%        5
 Lightning Bolt           Conj/Air       0%         1d11      100%        5
 Yara's Violent Unravell  Hex/Tmut       0%         3d3       100%        5
 Simulacrum               Ice/Necr       0%         N/A       100%        6
 Statue Form              Tmut/Erth      0%         N/A       100%        6
 Lehudib's Crystal Spear  Conj/Erth      0%         10d2      100%        8
 Maxwell's Capacitive Co  Air            0%         ∞         100%        8
 Polar Vortex             Ice            0%         N/A       100%        9


Dungeon Overview and Level Annotations

Branches:
Dungeon (14/15)            Temple (1/1) D:6            Lair (5/5) D:10
 Shoals (0/4) Lair:3       Spider (1/4) Lair:3        Slime (0/5) Lair:5
    Orc (0/2) D:11          IceCv (visited)
 Vaults: D:13-14

Altars:
Ashenzari
Cheibriados
Dithmenos
Elyvilon
Fedhas
Gozag
Hepliaklqana
Kikubaaqudgha
Makhleb
Nemelex Xobeh
Okawaru
Qazlal
Ru
Sif Muna
Trog
Uskayaw
Vehumet
Wu Jian
Xom
Yredelemnul
Zin
The Shining One
Jiyva

Shops:
D:5 :

Portals:
Trove: D:12 (give +3 ice dragon scales)

Annotations:
D:4 2 transporters, jonnos's ghost, novice MiFi
D:13 2 transporters, Agnes; Leinaam's ghost, journeyman MiBe
Lair:5 1 runed translucent door


Innate Abilities, Weirdness & Mutations

You have a pair of horns on your head.
You reflexively headbutt those who attack you in melee.


Message History

The yak is heavily wounded.
The dream sheep bites you but does no damage.
The yak gores you.
You feel more protected from physical attacks.
You block the yak's attack. The komodo dragon bites you!
You hit the yak but do no damage. You headbutt the yak, but do no damage.
The yak is heavily wounded.
The dream sheep ruffle their wool and motes of dream dust sparkle, to no effect.
The yak gores you.
You feel more protected from physical attacks.
You block the yak's attack. The komodo dragon bites you!
Unknown command.
You barely miss the yak. You headbutt the yak!
The yak is severely wounded.
You block the dream sheep's attack. The yak gores you but does no damage.
The yak is engulfed in freezing vapours.
The yak gores you but does no damage. You block the komodo dragon's attack.
The torpor snail misses you. The yak gores you but does no damage.
The yak is engulfed in freezing vapours.
You kill the yak!
Qazlal accepts your kill.
The dream sheep bites you but does no damage.
Unknown command.
You hit the polar bear but do no damage.
Your headbutt misses the polar bear.
The komodo dragon bites you but does no damage.
The dream sheep shake their wool and sparkle.
You feel drowsy...
You fall asleep.
The polar bear is engulfed in freezing vapours.
The polar bear barely misses you.
The polar bear claws you but does no damage. x2
The torpor snail barely misses you. The yak barely misses you.
The komodo dragon bites you!!!
You wake up.
Ouch! That really hurt!
* * * LOW HITPOINT WARNING * * *
You block the yak's attack.
The polar bear is engulfed in freezing vapours.
The polar bear barely misses you. You block the polar bear's attack.
The polar bear barely misses you. The dream sheep bites you.
You die...

##......##~~##~P#
#...P..#~~~~#~.#
##...^..~.~~~~.~
#......###.... .
.....#.....#.##...
....#.....##...# .
..[.##.#○...###..#
... ###.§Yw...##.
.. ##.@YY.....
##hlF.....
..#......
###.#....# . ..(#.
#...## . l. .. ..


You could see a torpor snail, a polar bear, a komodo dragon, a yak, a cane toad
and 2 dream sheep.

Vanquished Creatures
  The ghost of Zapai the Nimble, a journeyman DgAr (Lair:2)
  Harold (D:8)
  A hydra (Lair:2)
  The ghost of mad the Transmogrifier, a journeyman MfVM of Hepliaklqana (Lair:2)
  2 boulder beetles
  A merfolk avatar (Lair:5)
  A centaur warrior (D:13)
  3 two-headed ogres
  A death yak (Lair:4)
  Nergalle (Lair:3)
  Sonja (Lair:1)
  Amaemon (Lair:3)
  Pikel (D:5)
  An orc knight (D:12)
  A harpy (Lair:5)
  2 cyclopes
  2 ugly things
  3 manticores
  13 elephants
  A gargoyle (D:10)
  2 ice statues (IceCv)
  An orange demon (Lair:3)
  9 cane toads
  An unseen horror (D:11)
  6 komodo dragons
  Psyche (D:8)
  A rime drake (Lair:4)
  A freezing wraith (IceCv)
  2 tengu conjurers (D:13)
  2 wind drakes
  4 trolls
  A polar bear (Lair:5)
  5 slime creatures
  A hornet (Lair:4)
  4 blink frogs (Lair:2)
  2 shadows
  4 wyverns
  Sigmund (D:6)
  A vampire (D:10)
  A wraith (D:10)
  2 basilisks
  54 yaks
  Eustachio (D:5)
  2 steam dragons (Lair:5)
  2 redbacks (Lair:3)
  Edmund (D:4)
  6 vampire mosquitoes (D:12)
  Menkaure (D:5)
  4 acid dragons
  16 water moccasins
  5 orc warriors
  A sky beast (D:7)
  6 black bears
  2 ice beasts (D:7)
  4 ogres
  16 wolves
  6 centaurs
  A lemure (D:5)
  3 phantoms
  4 kobold brigands
  Blork the orc (D:6)
  2 necrophages (D:6)
  8 bullfrogs
  3 gnoll sergeants
  2 scorpions
  6 wights
  3 electric eels
  A howler monkey (D:7)
  A jelly (D:6)
  9 hounds
  2 gnoll boudas
  7 orc priests
  An iguana (D:5)
  Natasha (thrice) (D:2)
  12 orc wizards
  A polar bear simulacrum (IceCv)
  2 wolf simulacra (IceCv)
  3 adders
  19 gnolls
  5 white imps
  2 ufetubi (D:4)
  A worm (D:2)
  A dart slug (D:2)
  60 orcs
  10 endoplasms
  4 giant cockroaches
  14 goblins
  7 hobgoblins
  9 jackals
  4 quokkas
  9 ball pythons
  9 bats
  2 frilled lizards
  31 kobolds
  4 rats
484 creatures vanquished.

Vanquished Creatures (collateral kills)
  A hydra (Lair:4)
  3 elephants (Lair:4)
4 creatures vanquished.

Vanquished Creatures (others)
  A deep elf pyromancer (D:12)
  An orc wizard (D:9)
  17 fungi
  25 plants
  5 withered plants (Lair:2)
49 creatures vanquished.

Grand Total: 537 creatures vanquished

Notes
Turn   | Place    | Note
-------+----------+-------------------------------------------
     0 | D:1      | Jonnyslop the Minotaur Fighter began the quest for the Orb.
     0 | D:1      | Reached XP level 1. HP: 19/19 MP: 0/0
    84 | D:1      | Reached skill level 4 in Fighting
    84 | D:1      | Reached XP level 2. HP: 20/27 MP: 1/1
   549 | D:1      | Found a faded altar of an unknown god.
   593 | D:1      | Reached XP level 3. HP: 24/34 MP: 2/2
  1197 | D:2      | Noticed Natasha
  1205 | D:2      | Killed Natasha
  1206 | D:2      | Reached skill level 5 in Fighting
  1206 | D:2      | Reached XP level 4. HP: 42/42 MP: 3/3
  1343 | D:2      | Noticed Natasha
  1347 | D:2      | Killed Natasha
  1434 | D:2      | Found a burning altar of Makhleb.
  1448 | D:2      | Noticed Natasha
  1454 | D:2      | Killed Natasha
  2053 | D:3      | Reached XP level 5. HP: 48/48 MP: 4/4
  2118 | D:3      | Found a sacrificial altar of Ru.
  2135 | D:3      | Reached skill level 5 in Long Blades
  2644 | D:4      | Noticed a phantom
  2651 | D:4      | Killed a phantom
  2652 | D:4      | Reached skill level 6 in Fighting
  2652 | D:4      | Reached skill level 1 in Throwing
  2708 | D:4      | Reached XP level 6. HP: 52/57 MP: 5/5
  2915 | D:4      | Noticed Edmund
  2922 | D:4      | Killed Edmund
  2933 | D:4      | Found a transporter.
  2933 | D:4      | Noticed jonnos's ghost (novice MiFi)
  3144 | D:4      | Reached XP level 7. HP: 64/64 MP: 6/6
  3416 | D:4      | Found a transporter.
  3437 | D:5      | Entered Level 5 of the Dungeon
  3711 | D:4      | Reached skill level 5 in Armour
  3927 | D:5      | Noticed Pikel
  3950 | D:5      | Killed Pikel
  3951 | D:5      | Reached skill level 7 in Fighting
  3951 | D:5      | Reached XP level 8. HP: 67/73 MP: 7/7
  3974 | D:5      | Noticed Eustachio
  4121 | D:5      | Killed Eustachio
  4226 | D:5      | Noticed Menkaure
  4237 | D:5      | Killed Menkaure
  4238 | D:5      | Reached skill level 8 in Fighting
  4818 | D:5      | Found Yfior's Book Boutique.
  5286 | D:6      | Reached skill level 5 in Throwing
  5286 | D:6      | Reached XP level 9. HP: 82/82 MP: 8/8
  5352 | D:6      | Reached skill level 9 in Fighting
  5441 | D:6      | Noticed Blork the orc
  5451 | D:6      | Killed Blork the orc
  5875 | D:6      | Found a staircase to the Ecumenical Temple.
  5892 | Temple   | Entered the Ecumenical Temple
  6018 | Temple   | Became a worshipper of Qazlal Stormbringer
  6187 | D:6      | Noticed Sigmund
  6196 | D:6      | Killed Sigmund
  6248 | D:6      | Reached skill level 1 in Invocations
  7299 | D:8      | Reached skill level 10 in Fighting
  7299 | D:8      | Reached XP level 10. HP: 93/93 MP: 10/10
  7395 | D:8      | Reached * piety under Qazlal
  7499 | D:8      | Noticed a two-headed ogre
  7512 | D:8      | Killed a two-headed ogre
  7831 | D:8      | Reached skill level 10 in Long Blades
  8190 | D:8      | Noticed Psyche
  8194 | D:8      | Killed Psyche
  8642 | D:9      | Noticed Harold
  8677 | D:8      | Killed Harold
  8855 | D:9      | Reached ** piety under Qazlal
  8883 | D:9      | Reached skill level 10 in Armour
  9296 | D:9      | Found a hazy altar of Hepliaklqana.
  9305 | D:9      | Found a shadowy altar of Dithmenos.
  9305 | D:9      | Noticed a two-headed ogre
  9314 | D:8      | Killed a two-headed ogre
  9315 | D:8      | Reached skill level 11 in Fighting
  9315 | D:8      | Reached XP level 11. HP: 85/102 MP: 13/13
  9371 | D:9      | Found a bloodstained altar of Trog.
  9869 | D:10     | Entered Level 10 of the Dungeon
  9886 | D:10     | Reached skill level 5 in Invocations
 10125 | D:10     | Found a staircase to the Lair.
 10150 | D:10     | Identified the ring "Dumit" {Ice MP+9 Str+4}
 10231 | D:10     | Found a broken altar of Ashenzari.
 10259 | D:10     | Reached *** piety under Qazlal
 10510 | D:10     | Reached skill level 5 in Shields
 10884 | D:11     | Identified the +1 helmet "Humoa" {Dex+2}
 10930 | D:11     | Found a staircase to the Orcish Mines.
 10992 | D:11     | Noticed a boulder beetle
 11295 | D:11     | Killed a boulder beetle
 11320 | D:11     | Noticed a brown ugly thing
 11333 | D:11     | Killed a brown ugly thing
 11646 | D:11     | Noticed a two-headed ogre
 11661 | D:11     | Killed a two-headed ogre
 11850 | D:12     | Reached skill level 12 in Fighting
 11925 | D:12     | Reached XP level 12. HP: 112/112 MP: 15/15
 12041 | D:12     | Reached **** piety under Qazlal
 12417 | D:12     | Found a portal to a secret trove of treasure.
 12596 | D:12     | HP: 5/113 [orc warrior/+0 mace (9)]
 12859 | D:13     | Noticed a seven-headed hydra
 12859 | D:13     | Found a transporter.
 12860 | D:13     | Found a transporter.
 12860 | D:13     | Noticed Leinaam's ghost (journeyman MiBe)
 12976 | D:13     | Noticed a centaur warrior
 12984 | D:13     | Killed a centaur warrior
 12992 | D:13     | Noticed a five-headed hydra
 12997 | D:14     | Noticed Agnes
 12997 | D:14     | Noticed a boulder beetle
 13143 | Lair:1   | Entered Level 1 of the Lair of Beasts
 13150 | Lair:1   | Noticed Sonja
 13163 | Lair:1   | Killed Sonja
 13830 | Lair:1   | You are sucked into a shaft and drop 1 floor!
 13910 | Lair:2   | Reached ***** piety under Qazlal
 13927 | Lair:2   | Found a frozen archway.
 13939 | IceCv    | Entered an ice cave
 13968 | IceCv    | Reached skill level 13 in Fighting
 13968 | IceCv    | Found a transporter.
 14041 | IceCv    | Found a transporter.
 14180 | Lair:2   | Reached XP level 13. HP: 115/122 MP: 17/17
 14656 | Lair:2   | Found a runed translucent gate.
 14657 | Lair:2   | Found a runed translucent gate.
 14658 | Lair:2   | Found a runed translucent gate.
 14666 | Lair:2   | Noticed mad's ghost (journeyman MfVM)
 14666 | Lair:2   | Noticed Zapai's ghost (journeyman DgAr)
 15061 | Lair:2   | Killed mad's ghost
 15105 | Lair:2   | Killed Zapai's ghost
 15129 | Lair:2   | Identified the +1 pair of gloves of Lapuuq {rN+ rCorr
                  | Dex-4}
 15169 | Lair:3   | Found a staircase to the Shoals.
 15179 | Lair:3   | Noticed Amaemon
 15198 | Lair:3   | Killed Amaemon
 15411 | Lair:3   | Noticed Nergalle
 15421 | Lair:3   | Killed Nergalle
 16013 | Lair:3   | Found a hole to the Spider Nest.
 16177 | Spider:1 | Entered Level 1 of the Spider Nest
 16256 | Lair:4   | Reached skill level 10 in Throwing
 17140 | Lair:4   | Identified the +6 dagger of Overwhelming Force {vorpal,
                  | rPois rF+ Str+4 Int+3}
 17307 | Lair:5   | Entered Level 5 of the Lair of Beasts
 17321 | Lair:4   | Reached skill level 14 in Fighting
 17394 | Lair:5   | Found a runed translucent door.
 17394 | Lair:5   | Found a viscous altar of Jiyva.
 17394 | Lair:5   | Found a staircase to the Slime Pits.
 17402 | Lair:5   | Reached XP level 14. HP: 132/132 MP: 19/19
 17622 | Lair:5   | Identified the +4 ring mail of Gali {rPois rC+ Will-}
 17671 | Lair:5   | Reached skill level 10 in Shields
 17763 | Lair:5   | HP: 2/132 [komodo dragon (68)]
 17763 | Lair:5   | Slain by a dream sheep

Illustrated notes

Levels and vault maps discovered:
D:1:      erik_arrival_blinker_ship, layout_loops_ring,
          ebering_ecumenical_altar_sacrificial
D:2:      layout_loops_ring, basic_altar, minmay_hexomino_p4, uniq_natasha
D:3:      layout_loops_corners, nicolae_ru_great_annihilating_truth
D:4:      nicolae_BIG_FREAKIN_CUBE, layout_basic, gammafunk_ghost_smash,
          uniq_edmund
D:5:      layout_rooms, serial_shops, shop, uniq_eustachio, uniq_menkaure,
          uniq_pikel
D:6:      layout_gridville, temple_pool_b, uniq_blork_the_orc, uniq_sigmund
D:7:      minmay_angry_zag, layout_basic
D:8:      layout_basic, minmay_misc_feat_cross, eino_tiny_chamber, uniq_psyche
D:9:      layout_cave_pools, mainiacjoe_overflow_large_starburst,
          grunt_dithmenos_smoke, kennysheep_small_spiral, uniq_harold
D:10:     layout_gridville, old_standard_altar, erik_lair_island,
          hangedman_decor_clover_reticule
D:11:     layout_irregular_city, orc_0_dummy
D:12:     layout_loops_ring, special_room [special_room_orc],
          nicolae_trove_entry_free_sample
D:13:     layout_roguey, skrybe_vaults_entry_preservation,
          gammafunk_ghost_arena, uniq_erolcha
D:14:     layout_cave_pools, serial_park_paths [serial_park_minivault_5x5_7],
          uniq_lodul, uniq_agnes
Temple:   minmay_temple_bridge_d
Lair:1:   layout_layer_cave, beast_lair_carwin_3, uniq_sonja
Lair:2:   layout_roguey, gammafunk_ghost_cemetery,
          portal_ice_cave_entry_pillars_2, st_stairs_4,
          grunt_forest_small_clearing_treed
Lair:3:   layout_hall_layers, minmay_shoals_entry_beasts,
          spider_nest_entry_webs, lightli_volcano_entry_magma_tube,
          grunt_megastairs_5, serial_bayou_shore_a, uniq_nergalle, uniq_amaemon
Lair:4:   layout_roguey
Lair:5:   gammafunk_lair_ancient_temple, layout_concentric_octagons,
          slime_entry_2
Spider:1: layout_spider_delve

Skill      XL: |  1  2  3  4  5  6  7  8  9 10 11 12 13 14 |
---------------+-------------------------------------------+-----
Fighting       | 4 5 6 7 8 10 11 12 13 14 | 14.1
Long Blades    | 3 4 5 6 7 8 9 10 11 12 13 | 13.8
Throwing       | 1 2 3 5 7 8 9 10 | 10.5
Armour         | 4 6 7 8 10 11 12 13 | 13.4
Invocations    | 2 4 6 7 9 |  9.2
Shields        | 6 8 9 10 | 10.0

Action                   |  1- 3 |  4- 6 |  7- 9 | 10-12 | 13-15 || total
-------------------------+-------+-------+-------+-------+-------++-------
Melee: Long sword        |    94 |   110 |   276 |  1036 |   618 ||  2134
       Headbutt          |    21 |    18 |    55 |   257 |   186 ||   537
Invok: Upheaval          |       |       |       |     1 |       ||     1
       Elemental Force   |       |       |       |       |     2 ||     2
       Disaster Area     |       |       |       |       |     1 ||     1
  Use: Scroll            |       |    12 |     2 |    13 |     2 ||    29
       Potion            |       |     1 |       |     6 |     6 ||    13
 Stab: Paralysed         |       |     3 |       |       |     3 ||     6
Armor: Plate armour      |    20 |       |       |       |       ||    20
       Chain mail        |    46 |    51 |   149 |   383 |   280 ||   909
Dodge: Dodged            |    32 |    48 |   133 |   437 |   226 ||   876
       Repelled          |       |       |       |       |     2 ||     2
Block: Buckler           |    25 |    19 |    69 |    50 |       ||   163
       Kite shield       |       |       |       |   567 |   445 ||  1012
